AoeStats
← Oskar

Arena

509918407Analyzed
1v1 RM · 2d ago on Sep 28, 2026· 32m 6s· 2 players
Game mode
Random Map
Map size
Tiny (2 player)
Population
200
Speed
Normal
Resources
Standard
Victory
Conquest
Starting age
Dark Age
Ending age
Imperial Age
RankedLock teamsTeams togetherTeam positionsShared explorationLock speedFull tech treeHidden civsTurbo modeCheats
Victory
Defeat
🇺🇸 Bulgarians · United States
973
+16
🇳🇱 Mongols · Netherlands
964
-16
Oskar
9:24 Feudal Age
14:20 Castle Age
12:25 Double-Bit Axe
17:19 Man-at-Arms
18:43 Forging
18:16 Long Swordsman
19:48 Scale Mail Armor
20:40 Horse Collar
21:24 Bow Saw
26:17 Heavy Plow
29:57 Wheelbarrow
32:47 Imperial Age
32:04 Hand Cart
StormBlessed
11:27 Feudal Age
15:10 Castle Age
14:22 Double-Bit Axe
15:02 Horse Collar
18:03 Forging
19:12 Iron Casting
22:31 Squires
22:18 Arson
23:36 Scale Mail Armor
27:38 Chain Mail Armor
30:22 Gambesons
Connection lost

Rejoining the realm…

Still unreachable

The connection could not be restored.

Session expired

The server has moved on; the page needs a fresh start.